 Dungeon Crawl Stone Soup version 0.15-a0-1569-gdbe329f (webtiles) character file.

226 Bloax the Changer (level 6, -1/51 HPs)
             Began as a Merfolk Transmuter on June 18, 2014.
             Killed from afar by an orc wizard (11 damage)
             ... with a magic dart
             ... on Level 5 of the Dungeon.
             The game lasted 00:07:48 (1153 turns).

Bloax the Changer (Merfolk Transmuter)              Turns: 1153, Time: 00:07:48

HP  -1/51        AC  5     Str 10      XL: 6   Next:  1%
MP   7/11        EV 11     Int 17      God:
Gold 149         SH  0     Dex 17      Spells:  3 memorised,  2 levels left

rFire  x . .     SeeInvis .       - Unarmed
rCold  + + +     Clarity  .     j - melded +0 leather armour (curse)
rNeg   + . .     rCorr    .     (shield currently unavailable)
rPois  +         rRot     .     (helmet currently unavailable)
rElec  .         Spirit   .     m - melded +2 cloak
SustAb .         Warding  +     (gloves currently unavailable)
rMut   .         Stasis   .     (boots currently unavailable)
Gourm  .                        k - amulet of warding
MR     .....                    (no ring)
                                (no ring)

@: brilliant, ice-form, very slightly contaminated, invisible (expiring), not
resistant to hostile enchantments, unstealthy
A: (change form in water), (swift swim)
a: End Transformation


You were on level 5 of the Dungeon.
You were full.
You were a creature of crystalline ice.
You visited 1 branch of the dungeon, and saw 5 of its levels.

You collected 149 gold pieces.


   Skills:
 - Level 1.1 Fighting
 - Level 2.6 Dodging
 - Level 3.6 Unarmed Combat
 - Level 2.5 Spellcasting
 + Level 6.0 Transmutations
 + Level 2.9 Ice Magic
 - Level 0.9 Poison Magic


You had 2 spell levels left.
You knew the following spells:

 Your Spells              Type           Power        Failure   Level  Hunger
a - Beastly Appendage     Trmt           ####..       1%          1    #......
b - Spider Form           Trmt/Pois      ###.......   1%          3    ###....
c - Ice Form              Ice/Trmt       ####......   3%          4    #####..


Dungeon Overview and Level Annotations

Branches:
Dungeon (5/15)
 Temple: D:4-7

Altars:
The Shining One

Inventory:

Missiles
 b - 12 arrows
Armour
 c - a +2 leather armour of poison resistance
   (You found it on level 4 of the Dungeon)
 j - a cursed +0 leather armour (melded)
   (You found it on level 2 of the Dungeon)
 m - a +2 cloak (melded)
   (You found it on level 4 of the Dungeon)
 n - the +2 robe of Misanthropy {+Inv, unknown}
   (You found it on level 4 of the Dungeon)

   It lets you turn invisible.
Comestibles
 a - 4 bread rations
 l - a beef jerky
 p - a meat ration
Scrolls
 g - 2 scrolls of amnesia
 q - a scroll of immolation {!r}
Jewellery
 k - an amulet of warding (around neck)
   (You found it on level 4 of the Dungeon)
 r - an uncursed amulet of stasis {unknown}
   (You found it on level 4 of the Dungeon)
Potions
 e - a potion of heal wounds {unknown}
 h - a potion of curing
 i - a potion of invisibility
Books
 d - a book of Changes

   Spells                             Type                      Level
   *Beastly Appendage                 Transmutation                1
   Sticks to Snakes                   Transmutation                2
   *Spider Form                       Transmutation/Poison         3
   *Ice Form                          Ice/Transmutation            4
   Blade Hands                        Transmutation                5

*,,........#*******,* *,,,*
*,.........# *,* *,,,*
*.....@....# *,* *,,,*
***..........# *,* *,,,*
,,,..........# *,# *,,,*
,,...........# *.# *,,,*
********#.<..########.# *,,,* *
#.......o.....###**,,,* *
#..(....Y.........,,,,* *
#.................,,,,* *
#.....###)#.......,,,,* *
#.....#...#,.....,,,,,*
***######....o#.).#,,....,,,,,*
,,............#...#,**###****,*
,,............#...#,* *,*
,,............#...#,* *,*
,.............#...#,* *,*


You could see an orc wizard.


Message History

You punch Edmund! You freeze Edmund.
Edmund is severely wounded.
Edmund barely misses you.
You hit Edmund but do no damage.
Edmund is severely wounded.
Edmund completely misses you.
You miss Edmund.
Edmund is severely wounded.
Edmund closely misses you.
You barely miss Edmund.
Edmund is severely wounded.
The orc wizard barely misses you. The worker ant bites you.
* * * LOW HITPOINT WARNING * * *
Edmund hits you with a glowing flail.
* * * LOW HITPOINT WARNING * * *
Unknown command.
Unknown command.
You catch the helpless Edmund completely off-guard!
You hit Edmund. You freeze Edmund.
Edmund is severely wounded.
The orc wizard gestures at Edmund while chanting.
The puff of frost hits the worker ant.
The orc wizard gestures at Edmund while chanting.
The puff of flame hits the worker ant.
The worker ant dies!
You hit Edmund. You freeze Edmund.
Edmund is almost dead.
Edmund barely misses you.
You punch Edmund! You freeze Edmund.
You kill Edmund!
Your Transmutations skill increases to level 6!
Your Ice Magic skill increases to level 2!
You have reached level 6!
Your experience leads to an increase in your attributes!
Increase (S)trength, (I)ntelligence, or (D)exterity?
You feel agile.
Unknown command.
There is an open door, spattered with blood here.
Items here: %%%%%% ))))) [[[ Unknown command.
The orc wizard casts a spell at you. The puff of frost misses you.
Unknown command.
You hit the orc wizard. You freeze the orc wizard.
The orc wizard is lightly wounded.
The orc wizard gestures at you while chanting.
The magic dart hits you!
* * * LOW HITPOINT WARNING * * *
Unknown command.
Drink which item? (? for menu, Esc to quit)
You feel better. The orc wizard hits you with a dagger.
* * * LOW HITPOINT WARNING * * *
The orc wizard points at you and mumbles some strange words.
The puff of frost hits you! You resist.
You completely miss the orc wizard.
The orc wizard is lightly wounded.
You flicker for a moment.
The orc wizard hits you but does no damage.
Unknown command.
You barely miss the orc wizard.
The orc wizard is lightly wounded.
The orc wizard points at you and mumbles some strange words.
The puff of flame misses you. The orc wizard hits you with a dagger.
* * * LOW HITPOINT WARNING * * *
Unknown command.
You miss the orc wizard.
The orc wizard is lightly wounded.
The orc wizard points at you and mumbles some strange words.
The magic dart hits you!
You die...

Action                   |  1- 3 |  4- 6 || total
-------------------------+-------+-------++-------
Melee: Unarmed           |    84 |    33 ||   117
 Cast: Beastly Appendage |     5 |       ||     5
       Spider Form       |     1 |     3 ||     4
       Ice Form          |       |     1 ||     1
  Use: Scroll            |     4 |     2 ||     6
       Potion            |     1 |     6 ||     7
 Stab: Invisible         |       |     3 ||     3

Vault maps used:
D:1:      dpeg_arrival_houses_and_road, minmay_misc_feat_nine_boxes
D:2:      old_standard_altar
D:3:      uniq_iyjb, uniq_terence
D:5:      first_bread, trog_wizard, uniq_pikel, uniq_edmund

Notes
Turn   | Place    | Note
--------------------------------------------------------------
     0 | D:1      | Bloax, the Merfolk Transmuter, began the quest for the Orb.
     0 | D:1      | Reached XP level 1. HP: 15/15 MP: 3/3
    36 | D:1      | Reached skill level 3 in Transmutations
    38 | D:1      | HP: 3/15 [hobgoblin (1)]
    56 | D:1      | Reached XP level 2. HP: 2/21 MP: 4/4
   164 | D:2      | Found a glowing golden altar of the Shining One.
   274 | D:3      | Noticed Ijyb
   410 | D:3      | HP: 4/21 [hound (4)]
   416 | D:3      | HP: 4/21 [hound (2)]
   417 | D:3      | Reached skill level 4 in Transmutations
   417 | D:3      | Reached XP level 3. HP: 4/26 MP: 4/6
   425 | D:3      | Learned a level 3 spell: Spider Form
   603 | D:4      | Got a colourful robe
   826 | D:3      | Killed Ijyb
   826 | D:3      | Reached XP level 4. HP: 24/32 MP: 4/8
   843 | D:3      | Learned a level 4 spell: Ice Form
   977 | D:5      | Entered Level 5 of the Dungeon
   977 | D:5      | Noticed Edmund
  1060 | D:5      | Noticed an ice beast
  1107 | D:5      | Reached skill level 5 in Transmutations
  1107 | D:5      | Reached skill level 1 in Ice Magic
  1107 | D:5      | Reached XP level 5. HP: 13/37 MP: 5/9
  1107 | D:5      | HP: 7/37 [orc/hand axe (6)]
  1112 | D:5      | HP: 7/37 [orc/falchion (5)]
  1122 | D:5      | Noticed a sky beast
  1128 | D:5      | HP: 8/44 [rat (2)]
  1141 | D:5      | HP: 10/44 [worker ant (4)]
  1145 | D:5      | Killed Edmund
  1145 | D:5      | Reached skill level 6 in Transmutations
  1145 | D:5      | Reached skill level 2 in Ice Magic
  1145 | D:5      | Reached XP level 6. HP: 10/43 MP: 6/11
  1149 | D:5      | HP: 3/51 [orc wizard/magic dart (8)]
  1153 | D:5      | Killed from afar by an orc wizard

Vanquished Creatures
  Edmund (D:5)
  A hound (D:3)
  An orc wizard (D:5)
  A worker ant (D:4)
  Ijyb (D:3)
  A worm (D:3)
  2 orcs (D:5)
  2 giant cockroaches (D:2)
  3 goblins
  4 hobgoblins
  2 kobolds
  2 bats
  A giant gecko (D:5)
  A giant newt (D:2)
  A kobold skeleton (D:4)
  5 rats
29 creatures vanquished.

Vanquished Creatures (others)
  A worker ant (D:5)
  A hobgoblin (D:5)
  A kobold (D:5)
3 creatures vanquished.

Grand Total: 32 creatures vanquished
